Oilers vs Red Wings
(R2)
Created - May 24, 2021 at 19:07
Goals
|
| Oilers |
1 |
0 |
1 |
2 |
| Red Wings |
1 |
1 |
1 |
3 |
|
Shots
|
| Oilers |
14 |
11 |
5 |
30 |
| Red Wings |
8 |
8 |
16 |
32 |
|
1st period
1. Red Wings , Mike Richards 3 (Ole-Kristian Tollefsen 4, Philip Samuelsson 6) at 10:59 (PP)
2. Oilers , Connor McDavid 4 (Leon Draisaitl 2, Phil Kessel 4) at 17:16
Penalties :
Robin Lehner (Det) for Slashing (Minor) at 4:04 - Chuck Kobasew served the penalty, Taylor Hall (EDM) for Interference (Minor) at 10:41, David Krejci (Det) for Roughing (Minor) at 14:21, Kris Versteeg (Det) for Holding (Minor) at 17:21
2nd period
3. Red Wings , Mike Richards 4 (Ole-Kristian Tollefsen 5, Carson Mcmillan 2) at 19:19
Penalties :
Ole-Kristian Tollefsen (Det) for Tripping (Minor) at 0:18, Mike Richards (Det) for Diving (Minor) at 3:22, David Krejci (Det) for Slashing (Minor) at 6:52, Kris Versteeg (Det) for Holding (Minor) at 18:15, Darnell Nurse (EDM) for Tripping (Minor) at 18:47
3rd period
4. Oilers , Rasmus Ristolainen 2 (Jordan Eberle 3) at 16:11 (PP)
5. Red Wings , Ole-Kristian Tollefsen 1 (Philip Samuelsson 7, Frans Nielsen 5) at 19:33 (PP)
Penalties :
Rasmus Ristolainen (EDM) for High sticking (Minor) at 6:17, Rasmus Ristolainen (EDM) for Tripping (Minor) at 12:14, Ole-Kristian Tollefsen (Det) for Roughing (Double Minor) at 15:27, James Neal (EDM) for Hooking (Minor) at 18:52, Henrik Zetterberg (EDM) for Hooking (Minor) at 19:41
Goalie Stats
James Reimer (EDM), 29 saves from 32 shots - (0.906), L, 5-2-1, 59:58 minutes
Robin Lehner (Det), 28 saves from 30 shots - (0.933), W, 5-1-0, 60:00 minutes
Players Stats for Oilers
Player Name G A P +/- PIM S H SB GA TA FO MP PP MP PK MP
------------------------------------------------------------------------------------
Adam Larsson 0 0 0 0 0 0 0 1 0 1 0/0 15:39 0:00 2:39
Brandon Sutter 0 0 0 -1 0 2 2 0 1 0 8/17 13:41 0:09 1:44
Connor McDavid 1 0 1 1 0 1 2 0 1 1 10/16 16:41 8:21 0:13
Darnell Nurse 0 0 0 1 2 0 0 0 0 0 0/0 23:14 9:38 2:55
Denis Grebeshkov 0 0 0 1 0 1 0 0 0 0 0/0 15:21 0:00 2:20
Henrik Zetterberg 0 0 0 0 2 2 1 0 0 0 10/25 21:23 6:39 2:42
James Neal 0 0 0 0 2 3 1 1 0 0 0/1 11:11 0:00 0:56
Jordan Caron 0 0 0 0 0 0 1 0 0 0 0/1 7:04 0:00 0:00
Jordan Eberle 0 1 1 -1 0 3 3 0 0 1 0/1 21:55 6:39 1:44
Kevin Porter 0 0 0 0 0 1 1 0 0 0 0/1 7:04 0:00 0:00
Leon Draisaitl 0 1 1 1 0 1 0 0 1 1 0/0 14:20 6:39 0:00
Nikolai Kulemin 0 0 0 0 0 1 1 0 0 0 1/1 8:14 0:00 1:08
Oscar Klefbom 0 0 0 0 0 0 0 1 0 1 0/0 15:57 5:30 0:16
Phil Kessel 0 1 1 1 0 1 2 0 0 0 1/1 16:28 8:21 0:00
Rasmus Ristolainen 1 0 1 -1 4 7 2 4 1 0 0/0 26:03 9:39 0:32
Riley Sheahan 0 0 0 0 0 2 0 0 0 0 0/0 13:37 0:09 3:07
Taylor Hall 0 0 0 0 2 4 2 0 3 0 2/3 21:01 8:30 0:00
Tobias Enstrom 0 0 0 -1 0 1 0 2 0 2 0/0 23:47 5:30 2:52
Players Stats for Red Wings
Player Name G A P +/- PIM S H SB GA TA FO MP PP MP PK MP
------------------------------------------------------------------------------------
Alex Picard 0 0 0 0 0 2 0 0 1 0 0/0 9:39 0:00 1:06
Carson Mcmillan 0 1 1 1 0 1 0 0 0 0 1/4 18:33 0:32 8:37
Chuck Kobasew 0 0 0 0 0 0 0 0 0 0 0/0 6:53 0:00 0:00
Connor Brown 0 0 0 0 0 1 0 1 0 1 0/0 12:54 3:02 0:00
Darroll Powe 0 0 0 0 0 1 0 0 0 1 7/13 15:35 0:00 8:21
David Krejci 0 0 0 0 4 1 3 0 0 0 1/4 10:33 0:00 1:22
Frans Nielsen 0 1 1 0 0 1 1 2 0 0 9/17 18:50 2:13 5:26
Jakub Kindl 0 0 0 0 0 3 0 0 0 0 0/0 11:01 0:00 3:09
Jiri Fischer 0 0 0 -1 0 1 2 2 0 1 0/0 21:17 2:16 6:08
Kellan Lain 0 0 0 0 0 2 2 0 0 0 0/0 12:04 2:13 0:00
Kris Versteeg 0 0 0 -1 4 2 2 0 2 0 0/0 14:45 3:34 0:00
Lasse Kukkonen 0 0 0 0 0 1 0 0 0 1 0/0 10:19 2:16 0:02
Marko Dano 0 0 0 -1 0 3 1 0 0 0 0/1 12:59 2:13 0:00
Michael Haley 0 0 0 0 0 0 1 1 1 1 0/0 13:32 0:00 5:26
Mike Richards 2 0 2 0 2 6 2 0 1 0 17/28 16:15 3:34 0:00
Ole-Kristian Tollefsen 1 2 3 1 6 6 1 2 0 1 0/0 28:27 3:31 5:52
Philip Samuelsson 0 2 2 1 0 0 2 3 2 1 0/0 30:51 3:31 9:01
Ryan O'Byrne 0 0 0 -1 0 1 1 0 0 0 0/0 18:50 0:00 6:06
3 Stars
1 - Mike Richards (Det)
2 - Philip Samuelsson (Det)
3 - Connor McDavid (EDM)
Power Play
Oilers - 1 on 9 Attempt(s) - 11.11%
Red Wings - 2 on 6 Attempt(s) - 33.33%
Penalty Kill
Oilers - 4 on 6 Attempt(s) - 66.67%
- Score 0 goal in Penalty Kill
Red Wings - 8 on 9 Attempt(s) - 88.89%
- Score 0 goal in Penalty Kill
Team Stat
Oilers - Hits : 18 - Faceoff Wins : 32 - Blocked Shots : 9 - Penalty Minutes : 12
Red Wings - Hits : 18 - Faceoff Wins : 35 - Blocked Shots : 11 - Penalty Minutes : 18
Official
Referees : Unknown
Linesman : Unknown
Game Notes
No Game Note
Finance
Level 1 -- Attendance: 6000 (100.00%) -- Ticket Income $642,000
Level 2 -- Attendance: 5000 (100.00%) -- Ticket Income $355,000
Level 3 -- Attendance: 1926 (96.30%) -- Ticket Income $92,448
Level 4 -- Attendance: 4000 (100.00%) -- Ticket Income $132,000
Luxury Box -- Attendance: 1000 (100.00%) -- Ticket Income $190,000
Game was played at the Joe Louis Arena.
Total Attendance: 17926 (99.59%)
Total Ticket Income: $1,411,448
Other Income: $211,717
Total Income: $1,623,165
Oilers
5 vs 5 Forward
Center Left Wing Right Wing Time % Phy DF OF
1 Henrik Zetterberg Taylor Hall Jordan Eberle 40 1 2 2
2 Brandon Sutter James Neal Riley Sheahan 30 1 2 2
3 Connor McDavid Leon Draisaitl Phil Kessel 20 1 2 2
4 Kevin Porter Nikolai Kulemin Jordan Caron 10 1 2 2
5 vs 5 Defense
Defense Defense Time % Phy DF OF
1 Tobias Enstrom Rasmus Ristolainen 40 1 2 2
2 Darnell Nurse Denis Grebeshkov 30 1 2 2
3 Adam Larsson Oscar Klefbom 20 1 2 2
4 Adam Larsson Denis Grebeshkov 10 1 2 2
PowerPlay Forward
Center Left Wing Right Wing Time % Phy DF OF
1 Connor McDavid Taylor Hall Phil Kessel 60 1 2 2
2 Henrik Zetterberg Leon Draisaitl Jordan Eberle 40 1 2 2
PowerPlay Defense
Defense Defense Time % Phy DF OF
1 Darnell Nurse Rasmus Ristolainen 60 1 2 2
2 Oscar Klefbom Tobias Enstrom 40 1 2 2
Penalty Kill 4 Players Forward
Center Wing Time % Phy DF OF
1 Henrik Zetterberg Riley Sheahan 60 1 2 2
2 Brandon Sutter Jordan Eberle 40 1 2 2
Penalty Kill 4 Players Defense
Defense Defense Time % Phy DF OF
1 Adam Larsson Darnell Nurse 60 1 2 2
2 Denis Grebeshkov Tobias Enstrom 40 1 2 2
Penalty Kill - 3 Players Forward
Forward Time % Phy DF OF
1 Henrik Zetterberg 60 1 2 2
2 Jordan Eberle 40 1 2 2
Penalty Kill - 3 Players Defense
Defense Defense Time % Phy DF OF
1 Tobias Enstrom Rasmus Ristolainen 60 1 2 2
2 Darnell Nurse Denis Grebeshkov 40 1 2 2
4 vs 4 Forward
Center Wing Time % Phy DF OF
1 Brandon Sutter Jordan Eberle 60 1 2 2
2 Henrik Zetterberg Riley Sheahan 40 1 2 2
4 vs 4 Defense
Defense Defense Time % Phy DF OF
1 Tobias Enstrom Rasmus Ristolainen 60 1 2 2
2 Darnell Nurse Denis Grebeshkov 40 1 2 2
Last Minutes Offensive
Center Left Wing Right Wing Defense Defense
Henrik Zetterberg Taylor Hall Jordan Eberle Tobias Enstrom Rasmus Ristolainen
Last Minutes Defensive
Center Left Wing Right Wing Defense Defense
Henrik Zetterberg Taylor Hall Jordan Eberle Tobias Enstrom Rasmus Ristolainen
Goaltenders
Starting : James Reimer
Backup : Jonas Gustavsson
Extra Forwards
Normal : Leon Draisaitl, Connor McDavid, Nikolai Kulemin - PP : Leon Draisaitl, Connor McDavid - PK : Nikolai Kulemin
Extra Defensemen
Normal : Adam Larsson, Oscar Klefbom, Darnell Nurse - PP : Adam Larsson - PK : Oscar Klefbom, Darnell Nurse
Penalty Shots
Taylor Hall, Jordan Eberle, Phil Kessel, Riley Sheahan, Henrik Zetterberg
Scratches
Anton Volchenkov (Healthy), Pavel Buchnevich (Healthy), Mike Smith (Healthy)
Red Wings
5 vs 5 Forward
Center Left Wing Right Wing Time % Phy DF OF
1 Mike Richards Marko Dano Kris Versteeg 35 1 2 2
2 Frans Nielsen Kellan Lain Connor Brown 35 0 2 3
3 David Krejci Alex Picard Carson Mcmillan 20 1 2 2
4 Darroll Powe Michael Haley Chuck Kobasew 10 1 2 2
5 vs 5 Defense
Defense Defense Time % Phy DF OF
1 Philip Samuelsson Ole-Kristian Tollefsen 40 1 2 2
2 Ryan O'Byrne Jiri Fischer 30 1 2 2
3 Lasse Kukkonen Jakub Kindl 20 1 2 2
4 Philip Samuelsson Ole-Kristian Tollefsen 10 1 2 2
PowerPlay Forward
Center Left Wing Right Wing Time % Phy DF OF
1 Mike Richards Kris Versteeg Connor Brown 60 1 2 2
2 Frans Nielsen Marko Dano Kellan Lain 40 1 2 2
PowerPlay Defense
Defense Defense Time % Phy DF OF
1 Philip Samuelsson Ole-Kristian Tollefsen 60 1 2 2
2 Lasse Kukkonen Jiri Fischer 40 1 2 2
Penalty Kill 4 Players Forward
Center Wing Time % Phy DF OF
1 Darroll Powe Carson Mcmillan 60 1 2 2
2 Frans Nielsen Michael Haley 40 1 2 2
Penalty Kill 4 Players Defense
Defense Defense Time % Phy DF OF
1 Philip Samuelsson Ole-Kristian Tollefsen 60 1 2 2
2 Ryan O'Byrne Jiri Fischer 40 1 2 2
Penalty Kill - 3 Players Forward
Forward Time % Phy DF OF
1 Carson Mcmillan 60 1 2 2
2 Michael Haley 40 1 2 2
Penalty Kill - 3 Players Defense
Defense Defense Time % Phy DF OF
1 Philip Samuelsson Ole-Kristian Tollefsen 60 1 2 2
2 Ryan O'Byrne Jiri Fischer 40 1 2 2
4 vs 4 Forward
Center Wing Time % Phy DF OF
1 Mike Richards Kris Versteeg 60 1 2 2
2 Connor Brown Marko Dano 40 1 2 2
4 vs 4 Defense
Defense Defense Time % Phy DF OF
1 Philip Samuelsson Ole-Kristian Tollefsen 60 1 2 2
2 Ryan O'Byrne Jiri Fischer 40 1 2 2
Last Minutes Offensive
Center Left Wing Right Wing Defense Defense
Mike Richards Marko Dano Kris Versteeg Philip Samuelsson Connor Brown
Last Minutes Defensive
Center Left Wing Right Wing Defense Defense
Frans Nielsen Michael Haley Carson Mcmillan Philip Samuelsson Ole-Kristian Tollefsen
Goaltenders
Starting : Robin Lehner
Backup : Josh Harding
Extra Forwards
Normal : Carson Mcmillan, Alex Picard, David Krejci - PP : Carson Mcmillan, Alex Picard - PK : David Krejci
Extra Defensemen
Normal : Lasse Kukkonen, Jakub Kindl, Ryan O'Byrne - PP : Ryan O'Byrne - PK : Jakub Kindl, Ryan O'Byrne
Penalty Shots
Kris Versteeg, Mike Richards, Marko Dano, Carson Mcmillan, Alex Picard
Scratches
Matt Greene (Healthy), Petr Pohl (Healthy)
% Time on Ice - Oilers
Lines # - Real PCT - Wanted PCT - Time Play
Normal Forward
1 - 33% - 40% - 12:28
2 - 28% - 30% - 10:22
3 - 20% - 20% - 7:35
4 - 19% - 10% - 7:04
Normal Defense
1 - 39% - 40% - 14:33
2 - 27% - 30% - 9:56
3 - 24% - 20% - 9:02
4 - 11% - 10% - 3:58
PP Forward
1 - 56% - 60% - 8:30
2 - 44% - 40% - 6:39
PP Defense
1 - 64% - 60% - 9:39
2 - 36% - 40% - 5:30
PK Forward
1 - 79% - 60% - 4:35
2 - 21% - 40% - 1:12
PK Defense
1 - 60% - 60% - 3:27
2 - 40% - 40% - 2:20
PK3 Forward
1 - 0% - 60%
2 - 0% - 40%
PK3 Defense
1 - 0% - 60%
2 - 0% - 40%
44 Forward
1 - 100% - 60% - 1:27
2 - 0% - 40% - 0:00
44 Defense
1 - 100% - 60% - 1:27
2 - 0% - 40% - 0:00
Last Minute Offensive - 0:08
Last Minute Defensive - 0:00
Total
Forward - 60:00
Defense - 60:00
|
% Time on Ice - Red Wings
Lines # - Real PCT - Wanted PCT - Time Play
Normal Forward
1 - 33% - 35% - 12:26
2 - 31% - 35% - 11:40
3 - 18% - 20% - 6:52
4 - 17% - 10% - 6:31
Normal Defense
1 - 44% - 40% - 16:27
2 - 34% - 30% - 12:45
3 - 20% - 20% - 7:28
4 - 2% - 10% - 0:49
PP Forward
1 - 62% - 60% - 3:34
2 - 38% - 40% - 2:13
PP Defense
1 - 61% - 60% - 3:31
2 - 39% - 40% - 2:16
PK Forward
1 - 64% - 60% - 9:43
2 - 36% - 40% - 5:26
PK Defense
1 - 60% - 60% - 9:03
2 - 40% - 40% - 6:06
PK3 Forward
1 - 0% - 60%
2 - 0% - 40%
PK3 Defense
1 - 0% - 60%
2 - 0% - 40%
44 Forward
1 - 100% - 60% - 1:27
2 - 0% - 40% - 0:00
44 Defense
1 - 100% - 60% - 1:27
2 - 0% - 40% - 0:00
Last Minute Offensive - 0:00
Last Minute Defensive - 0:08
Total
Forward - 60:00
Defense - 60:00
|
Play-by-Play
1st period
0:01 of 1st period - Henrik Zetterberg wins face-off versus Mike Richards in neutral zone.
0:03 of 1st period - Rasmus Ristolainen is hit by Mike Richards and loses puck.
0:14 of 1st period - Wrist shot by Taylor Hall.
0:14 of 1st period - Shot Misses the Net.
0:26 of 1st period - Brandon Sutter is hit by Kellan Lain and loses puck.
1:32 of 1st period - Snap shot by Taylor Hall.
1:32 of 1st period - Stopped by Robin Lehner without a rebound.
1:33 of 1st period - Mike Richards wins face-off versus Henrik Zetterberg in Red Wings zone.
1:33 of 1st period - Mike Richards is hit by Taylor Hall.
1:42 of 1st period - Icing by Taylor Hall.
1:43 of 1st period - Henrik Zetterberg wins face-off versus Mike Richards in Oilers zone.
1:50 of 1st period - Slapshot by Henrik Zetterberg.
1:50 of 1st period - Shot Blocked by Jiri Fischer.
1:52 of 1st period - Slapshot by Rasmus Ristolainen.
1:52 of 1st period - Stopped by Robin Lehner with a rebound.
1:54 of 1st period - Slapshot by Tobias Enstrom.
1:54 of 1st period - Stopped by Robin Lehner without a rebound.
1:55 of 1st period - Frans Nielsen wins face-off versus James Neal in Red Wings zone.
1:59 of 1st period - Off-side.
2:00 of 1st period - Frans Nielsen wins face-off versus Brandon Sutter in neutral zone.
3:28 of 1st period - Slapshot by Jakub Kindl.
3:28 of 1st period - Stopped by James Reimer with a rebound.
4:04 of 1st period - Backhand shot by Henrik Zetterberg.
4:04 of 1st period - Stopped by Robin Lehner without a rebound.
4:04 of 1st period - Minor Penalty to Robin Lehner for Slashing.
4:05 of 1st period - Taylor Hall wins face-off versus Carson Mcmillan in Red Wings zone.
6:04 of 1st period - Penalty to Chuck Kobasew is over, Chuck Kobasew is back on ice.
6:14 of 1st period - Jiri Fischer is hit by James Neal and loses puck.
6:19 of 1st period - Snap shot by James Neal.
6:19 of 1st period - Stopped by Robin Lehner with a rebound.
6:37 of 1st period - Wrist shot by Mike Richards.
6:37 of 1st period - Shot Misses the Net.
6:43 of 1st period - Ryan O'Byrne is hit by Jordan Caron and loses puck.
8:19 of 1st period - Icing by Oscar Klefbom.
8:20 of 1st period - Taylor Hall wins face-off versus Frans Nielsen in Oilers zone.
8:31 of 1st period - Snap shot by Taylor Hall.
8:31 of 1st period - Deflect By Ole-Kristian Tollefsen.
8:31 of 1st period - Stopped by Robin Lehner without a rebound.
8:32 of 1st period - Mike Richards wins face-off versus Henrik Zetterberg in Red Wings zone.
9:28 of 1st period - Snap shot by Carson Mcmillan.
9:28 of 1st period - Shot Misses the Net.
9:30 of 1st period - Wrist shot by Ole-Kristian Tollefsen.
9:30 of 1st period - Stopped by James Reimer with a rebound.
10:09 of 1st period - Icing by Darroll Powe.
10:10 of 1st period - Henrik Zetterberg wins face-off versus Darroll Powe in Red Wings zone.
10:17 of 1st period - Snap shot by Henrik Zetterberg.
10:17 of 1st period - Stopped by Robin Lehner without a rebound.
10:18 of 1st period - Mike Richards wins face-off versus Henrik Zetterberg in Red Wings zone.
10:18 of 1st period - Mike Richards is hit by Jordan Eberle.
10:28 of 1st period - Snap shot by Jordan Eberle.
10:28 of 1st period - Stopped by Robin Lehner with a rebound.
10:35 of 1st period - Snap shot by Kris Versteeg.
10:35 of 1st period - Shot Blocked by Rasmus Ristolainen.
10:41 of 1st period - Minor Penalty to Taylor Hall for Interference.
10:42 of 1st period - Henrik Zetterberg wins face-off versus Mike Richards in Oilers zone.
10:55 of 1st period - Snap shot by Mike Richards.
10:55 of 1st period - Shot Misses the Net.
10:57 of 1st period - Slapshot by Ole-Kristian Tollefsen.
10:57 of 1st period - Stopped by James Reimer with a rebound.
10:59 of 1st period - Snap shot by Mike Richards.
10:59 of 1st period - Goal by Mike Richards - Oilers : 0 - Red Wings : 1.
11:00 of 1st period - Frans Nielsen wins face-off versus Henrik Zetterberg in neutral zone.
11:03 of 1st period - Wrist shot by Connor Brown.
11:03 of 1st period - Shot Misses the Net.
11:05 of 1st period - Slapshot by Philip Samuelsson.
11:05 of 1st period - Deflect By Connor Brown.
11:05 of 1st period - Shot Misses the Net.
11:05 of 1st period - Puck is out of play.
11:06 of 1st period - Frans Nielsen wins face-off versus Taylor Hall in Oilers zone.
11:09 of 1st period - Wrist shot by Connor Brown.
11:09 of 1st period - Stopped by James Reimer without a rebound.
11:10 of 1st period - Henrik Zetterberg wins face-off versus Frans Nielsen in Oilers zone.
11:39 of 1st period - Snap shot by Taylor Hall.
11:39 of 1st period - Stopped by Robin Lehner with a rebound.
11:42 of 1st period - Icing by Connor Brown.
11:43 of 1st period - Frans Nielsen wins face-off versus Brandon Sutter in Red Wings zone.
11:43 of 1st period - Frans Nielsen is hit by Brandon Sutter.
11:49 of 1st period - Snap shot by James Neal.
11:49 of 1st period - Stopped by Robin Lehner with a rebound.
11:51 of 1st period - Wrist shot by Tobias Enstrom.
11:51 of 1st period - Shot Misses the Net.
12:17 of 1st period - Kellan Lain is hit by Phil Kessel and loses puck.
13:27 of 1st period - Wrist shot by Darroll Powe.
13:27 of 1st period - Stopped by James Reimer without a rebound.
13:28 of 1st period - Mike Richards wins face-off versus Brandon Sutter in Oilers zone.
14:08 of 1st period - Wrist shot by Chuck Kobasew.
14:08 of 1st period - Shot Blocked by James Neal.
14:21 of 1st period - Minor Penalty to David Krejci for Roughing.
14:22 of 1st period - Darroll Powe wins face-off versus Connor McDavid in Red Wings zone.
15:34 of 1st period - Snap shot by Rasmus Ristolainen.
15:34 of 1st period - Shot Blocked by Ole-Kristian Tollefsen.
15:36 of 1st period - Slapshot by Rasmus Ristolainen.
15:36 of 1st period - Shot Misses the Net.
15:38 of 1st period - Slapshot by Rasmus Ristolainen.
15:38 of 1st period - Shot Blocked by Frans Nielsen.
15:40 of 1st period - Wrist shot by Jordan Eberle.
15:40 of 1st period - Stopped by Robin Lehner without a rebound.
15:41 of 1st period - Connor McDavid wins face-off versus Carson Mcmillan in Red Wings zone.
16:10 of 1st period - Slapshot by Ole-Kristian Tollefsen.
16:10 of 1st period - Shot Blocked by Tobias Enstrom.
16:12 of 1st period - Snap shot by Frans Nielsen.
16:12 of 1st period - Shot Misses the Net.
16:14 of 1st period - Wrist shot by Frans Nielsen.
16:14 of 1st period - Stopped by James Reimer without a rebound.
16:15 of 1st period - Connor McDavid wins face-off versus Frans Nielsen in Oilers zone.
16:15 of 1st period - Connor McDavid is hit by Jiri Fischer.
16:21 of 1st period - Penalty to David Krejci is over, David Krejci is back on ice.
16:33 of 1st period - Wrist shot by Kris Versteeg.
16:33 of 1st period - Shot Blocked by Tobias Enstrom.
16:35 of 1st period - Snap shot by Kris Versteeg.
16:35 of 1st period - Shot Misses the Net.
16:37 of 1st period - Slapshot by Jiri Fischer.
16:37 of 1st period - Stopped by James Reimer without a rebound.
16:38 of 1st period - Frans Nielsen wins face-off versus Henrik Zetterberg in Oilers zone.
17:14 of 1st period - Wrist shot by Connor McDavid.
17:14 of 1st period - Deflect By Leon Draisaitl.
17:14 of 1st period - Stopped by Robin Lehner with a rebound.
17:16 of 1st period - Slapshot by Connor McDavid.
17:16 of 1st period - Goal by Connor McDavid - Oilers : 1 - Red Wings : 1.
17:17 of 1st period - Henrik Zetterberg wins face-off versus Mike Richards in neutral zone.
17:21 of 1st period - Minor Penalty to Kris Versteeg for Holding.
17:22 of 1st period - Carson Mcmillan wins face-off versus Connor McDavid in Red Wings zone.
18:00 of 1st period - Icing by Henrik Zetterberg.
18:01 of 1st period - Darroll Powe wins face-off versus Henrik Zetterberg in Oilers zone.
18:16 of 1st period - Ryan O'Byrne is hit by Jordan Eberle and loses puck.
18:43 of 1st period - Frans Nielsen is hit by Phil Kessel and loses puck.
19:21 of 1st period - Penalty to Kris Versteeg is over, Kris Versteeg is back on ice.
19:36 of 1st period - Snap shot by Brandon Sutter.
19:36 of 1st period - Stopped by Robin Lehner with a rebound.
19:38 of 1st period - Snap shot by Brandon Sutter.
19:38 of 1st period - Shot Misses the Net.
19:40 of 1st period - Wrist shot by Riley Sheahan.
19:40 of 1st period - Shot Blocked by Jiri Fischer.
Goals for this period are 1 for Oilers vs 1 for Red Wings.
Shots for this period are 14 for Oilers vs 8 for Red Wings.
2nd period
0:01 of 2nd period - Mike Richards wins face-off versus Henrik Zetterberg in neutral zone.
0:18 of 2nd period - Minor Penalty to Ole-Kristian Tollefsen for Tripping.
0:19 of 2nd period - Connor McDavid wins face-off versus Darroll Powe in Red Wings zone.
1:21 of 2nd period - Michael Haley is hit by Taylor Hall and loses puck.
2:18 of 2nd period - Penalty to Ole-Kristian Tollefsen is over, Ole-Kristian Tollefsen is back on ice.
2:26 of 2nd period - Slapshot by Kevin Porter.
2:26 of 2nd period - Stopped by Robin Lehner with a rebound.
2:28 of 2nd period - Slapshot by Denis Grebeshkov.
2:28 of 2nd period - Deflect By Ole-Kristian Tollefsen.
2:28 of 2nd period - Stopped by Robin Lehner with a rebound.
2:32 of 2nd period - Snap shot by Nikolai Kulemin.
2:32 of 2nd period - Stopped by Robin Lehner without a rebound.
2:33 of 2nd period - Mike Richards wins face-off versus Kevin Porter in Red Wings zone.
2:33 of 2nd period - Mike Richards is hit by Nikolai Kulemin.
2:47 of 2nd period - Denis Grebeshkov is hit by Philip Samuelsson.
3:09 of 2nd period - Slapshot by Brandon Sutter.
3:09 of 2nd period - Stopped by Robin Lehner without a rebound.
3:10 of 2nd period - Mike Richards wins face-off versus Henrik Zetterberg in Red Wings zone.
3:22 of 2nd period - Minor Penalty to Mike Richards for Diving.
3:23 of 2nd period - Connor McDavid wins face-off versus Darroll Powe in Red Wings zone.
3:29 of 2nd period - Wrist shot by Taylor Hall.
3:29 of 2nd period - Stopped by Robin Lehner with a rebound.
3:31 of 2nd period - Slapshot by Rasmus Ristolainen.
3:31 of 2nd period - Stopped by Robin Lehner with a rebound.
5:22 of 2nd period - Penalty to Mike Richards is over, Mike Richards is back on ice.
6:45 of 2nd period - Slapshot by Carson Mcmillan.
6:45 of 2nd period - Deflect By Brandon Sutter.
6:45 of 2nd period - Shot Blocked by Oscar Klefbom.
6:45 of 2nd period - Puck is out of play.
6:46 of 2nd period - David Krejci wins face-off versus Brandon Sutter in Oilers zone.
6:52 of 2nd period - Minor Penalty to David Krejci for Slashing.
6:53 of 2nd period - Darroll Powe wins face-off versus Connor McDavid in Red Wings zone.
7:54 of 2nd period - Off-side.
7:55 of 2nd period - Frans Nielsen wins face-off versus Connor McDavid in neutral zone.
7:58 of 2nd period - Tobias Enstrom is hit by Frans Nielsen and loses puck.
8:07 of 2nd period - Slapshot by Connor McDavid.
8:07 of 2nd period - Shot Blocked by Michael Haley.
8:09 of 2nd period - Snap shot by Tobias Enstrom.
8:09 of 2nd period - Deflect By Phil Kessel.
8:09 of 2nd period - Shot Blocked by Philip Samuelsson.
8:09 of 2nd period - Puck is out of play.
8:10 of 2nd period - Connor McDavid wins face-off versus Carson Mcmillan in Red Wings zone.
8:44 of 2nd period - Snap shot by Rasmus Ristolainen.
8:44 of 2nd period - Shot Misses the Net.
8:52 of 2nd period - Penalty to David Krejci is over, David Krejci is back on ice.
9:09 of 2nd period - James Neal is hit by Michael Haley and loses puck.
9:26 of 2nd period - Adam Larsson is hit by David Krejci and loses puck.
9:33 of 2nd period - Michael Haley is hit by Kevin Porter and loses puck.
9:55 of 2nd period - Michael Haley is hit by Henrik Zetterberg and loses puck.
10:06 of 2nd period - Frans Nielsen is hit by Connor McDavid and loses puck.
10:17 of 2nd period - Snap shot by Connor McDavid.
10:17 of 2nd period - Deflect By Leon Draisaitl.
10:17 of 2nd period - Shot Misses the Net.
10:17 of 2nd period - Puck is out of play.
10:18 of 2nd period - Brandon Sutter wins face-off versus Mike Richards in Red Wings zone.
10:19 of 2nd period - Snap shot by James Neal.
10:19 of 2nd period - Stopped by Robin Lehner with a rebound.
10:25 of 2nd period - Ryan O'Byrne is hit by Rasmus Ristolainen and loses puck.
11:30 of 2nd period - Wrist shot by Jordan Caron.
11:30 of 2nd period - Deflect By Kevin Porter.
11:30 of 2nd period - Shot Misses the Net.
11:30 of 2nd period - Puck is out of play.
11:31 of 2nd period - Mike Richards wins face-off versus Henrik Zetterberg in Red Wings zone.
12:03 of 2nd period - Brandon Sutter is hit by Kris Versteeg and loses puck.
12:40 of 2nd period - Wrist shot by Tobias Enstrom.
12:40 of 2nd period - Shot Misses the Net.
12:56 of 2nd period - Slapshot by Connor Brown.
12:56 of 2nd period - Shot Misses the Net.
13:06 of 2nd period - Snap shot by David Krejci.
13:06 of 2nd period - Shot Blocked by Rasmus Ristolainen.
13:08 of 2nd period - Slapshot by Jakub Kindl.
13:08 of 2nd period - Stopped by James Reimer without a rebound.
13:09 of 2nd period - Brandon Sutter wins face-off versus David Krejci in Oilers zone.
13:28 of 2nd period - Kris Versteeg is hit by Brandon Sutter and loses puck.
13:48 of 2nd period - Wrist shot by James Neal.
13:48 of 2nd period - Shot Misses the Net.
14:17 of 2nd period - Slapshot by Ole-Kristian Tollefsen.
14:17 of 2nd period - Deflect By Michael Haley.
14:17 of 2nd period - Shot Misses the Net.
14:17 of 2nd period - Puck is out of play.
14:18 of 2nd period - Mike Richards wins face-off versus Jordan Eberle in Oilers zone.
14:50 of 2nd period - Wrist shot by Connor McDavid.
14:50 of 2nd period - Shot Blocked by Frans Nielsen.
15:38 of 2nd period - Rasmus Ristolainen is hit by Jiri Fischer and loses puck.
16:03 of 2nd period - Snap shot by Phil Kessel.
16:03 of 2nd period - Stopped by Robin Lehner with a rebound.
17:01 of 2nd period - Wrist shot by Kris Versteeg.
17:01 of 2nd period - Stopped by James Reimer without a rebound.
17:02 of 2nd period - Frans Nielsen wins face-off versus Henrik Zetterberg in Oilers zone.
17:13 of 2nd period - Snap shot by Kellan Lain.
17:13 of 2nd period - Shot Blocked by Rasmus Ristolainen.
17:15 of 2nd period - Wrist shot by Kellan Lain.
17:15 of 2nd period - Stopped by James Reimer with a rebound.
17:17 of 2nd period - Slapshot by Ryan O'Byrne.
17:17 of 2nd period - Stopped by James Reimer with a rebound.
17:19 of 2nd period - Snap shot by Kellan Lain.
17:19 of 2nd period - Stopped by James Reimer without a rebound.
17:20 of 2nd period - Connor McDavid wins face-off versus Marko Dano in Oilers zone.
18:10 of 2nd period - Snap shot by Riley Sheahan.
18:10 of 2nd period - Stopped by Robin Lehner with a rebound.
18:12 of 2nd period - Slapshot by James Neal.
18:12 of 2nd period - Deflect By Riley Sheahan.
18:12 of 2nd period - Stopped by Robin Lehner without a rebound.
18:13 of 2nd period - Mike Richards wins face-off versus Brandon Sutter in Red Wings zone.
18:15 of 2nd period - Minor Penalty to Kris Versteeg for Holding.
18:16 of 2nd period - Connor McDavid wins face-off versus Darroll Powe in Red Wings zone.
18:47 of 2nd period - Minor Penalty to Darnell Nurse for Tripping.
18:48 of 2nd period - Mike Richards wins face-off versus Brandon Sutter in Oilers zone.
18:49 of 2nd period - Backhand shot by Ole-Kristian Tollefsen.
18:49 of 2nd period - Deflect By Rasmus Ristolainen.
18:49 of 2nd period - Stopped by James Reimer with a rebound.
18:51 of 2nd period - Slapshot by Ole-Kristian Tollefsen.
18:51 of 2nd period - Stopped by James Reimer without a rebound.
18:52 of 2nd period - Brandon Sutter wins face-off versus Mike Richards in Oilers zone.
19:19 of 2nd period - Snap shot by Mike Richards.
19:19 of 2nd period - Goal by Mike Richards - Oilers : 1 - Red Wings : 2.
19:20 of 2nd period - Brandon Sutter wins face-off versus Mike Richards in neutral zone.
19:31 of 2nd period - Slapshot by Rasmus Ristolainen.
19:31 of 2nd period - Stopped by Robin Lehner without a rebound.
19:32 of 2nd period - Mike Richards wins face-off versus Brandon Sutter in Red Wings zone.
Goals for this period are 0 for Oilers vs 1 for Red Wings.
Shots for this period are 11 for Oilers vs 8 for Red Wings.
3rd period
0:01 of 3rd period - Brandon Sutter wins face-off versus Mike Richards in neutral zone.
0:08 of 3rd period - Snap shot by Jordan Eberle.
0:08 of 3rd period - Shot Blocked by Philip Samuelsson.
0:12 of 3rd period - Snap shot by Jordan Eberle.
0:12 of 3rd period - Deflect By Brandon Sutter.
0:12 of 3rd period - Shot Misses the Net.
0:12 of 3rd period - Puck is out of play.
0:13 of 3rd period - Brandon Sutter wins face-off versus Mike Richards in Red Wings zone.
0:15 of 3rd period - Penalty to Kris Versteeg is over, Kris Versteeg is back on ice.
0:16 of 3rd period - Wrist shot by Brandon Sutter.
0:16 of 3rd period - Shot Misses the Net.
0:36 of 3rd period - Slapshot by Philip Samuelsson.
0:36 of 3rd period - Shot Misses the Net.
0:38 of 3rd period - Slapshot by Philip Samuelsson.
0:38 of 3rd period - Shot Misses the Net.
0:40 of 3rd period - Slapshot by Ole-Kristian Tollefsen.
0:40 of 3rd period - Shot Hit the Post.
0:42 of 3rd period - Slapshot by Philip Samuelsson.
0:42 of 3rd period - Shot Misses the Net.
0:44 of 3rd period - Wrist shot by Mike Richards.
0:44 of 3rd period - Stopped by James Reimer with a rebound.
0:46 of 3rd period - Wrist shot by Mike Richards.
0:46 of 3rd period - Shot Misses the Net.
0:47 of 3rd period - Penalty to Darnell Nurse is over, Darnell Nurse is back on ice.
0:48 of 3rd period - Snap shot by Carson Mcmillan.
0:48 of 3rd period - Stopped by James Reimer without a rebound.
0:49 of 3rd period - Connor McDavid wins face-off versus Frans Nielsen in Oilers zone.
2:18 of 3rd period - Snap shot by Connor McDavid.
2:18 of 3rd period - Shot Blocked by Philip Samuelsson.
2:22 of 3rd period - Wrist shot by Connor McDavid.
2:22 of 3rd period - Deflect By Phil Kessel.
2:22 of 3rd period - Shot Blocked by Connor Brown.
2:22 of 3rd period - Puck is out of play.
2:23 of 3rd period - Mike Richards wins face-off versus Henrik Zetterberg in Red Wings zone.
3:02 of 3rd period - Oscar Klefbom is hit by Mike Richards and loses puck.
3:31 of 3rd period - Wrist shot by Marko Dano.
3:31 of 3rd period - Stopped by James Reimer with a rebound.
3:39 of 3rd period - Wrist shot by Mike Richards.
3:39 of 3rd period - Stopped by James Reimer with a rebound.
3:41 of 3rd period - Wrist shot by Mike Richards.
3:41 of 3rd period - Stopped by James Reimer with a rebound.
3:43 of 3rd period - Slapshot by Jakub Kindl.
3:43 of 3rd period - Stopped by James Reimer without a rebound.
3:44 of 3rd period - Henrik Zetterberg wins face-off versus Frans Nielsen in Oilers zone.
4:10 of 3rd period - Riley Sheahan is hit by David Krejci.
4:22 of 3rd period - Backhand shot by David Krejci.
4:22 of 3rd period - Stopped by James Reimer with a rebound.
5:16 of 3rd period - Nikolai Kulemin is hit by David Krejci and loses puck.
6:17 of 3rd period - Minor Penalty to Rasmus Ristolainen for High sticking.
6:18 of 3rd period - Mike Richards wins face-off versus Henrik Zetterberg in Oilers zone.
7:16 of 3rd period - Adam Larsson is hit by Kellan Lain and loses puck.
8:17 of 3rd period - Penalty to Rasmus Ristolainen is over, Rasmus Ristolainen is back on ice.
8:41 of 3rd period - Icing by Rasmus Ristolainen.
8:42 of 3rd period - Darroll Powe wins face-off versus Jordan Caron in Oilers zone.
9:09 of 3rd period - Snap shot by Kevin Porter.
9:09 of 3rd period - Shot Misses the Net.
9:11 of 3rd period - Wrist shot by Rasmus Ristolainen.
9:11 of 3rd period - Deflect By Lasse Kukkonen.
9:11 of 3rd period - Stopped by Robin Lehner without a rebound.
9:12 of 3rd period - Henrik Zetterberg wins face-off versus Frans Nielsen in Red Wings zone.
9:48 of 3rd period - James Neal is hit by Marko Dano and loses puck.
10:44 of 3rd period - Jiri Fischer is hit by Rasmus Ristolainen and loses puck.
10:53 of 3rd period - Snap shot by Kris Versteeg.
10:53 of 3rd period - Stopped by James Reimer without a rebound.
10:54 of 3rd period - Henrik Zetterberg wins face-off versus Mike Richards in Oilers zone.
11:11 of 3rd period - Wrist shot by Mike Richards.
11:11 of 3rd period - Stopped by James Reimer without a rebound.
11:12 of 3rd period - Brandon Sutter wins face-off versus Frans Nielsen in Oilers zone.
11:39 of 3rd period - Wrist shot by Jordan Eberle.
11:39 of 3rd period - Stopped by Robin Lehner with a rebound.
11:49 of 3rd period - Wrist shot by Marko Dano.
11:49 of 3rd period - Stopped by James Reimer with a rebound.
11:51 of 3rd period - Wrist shot by Marko Dano.
11:51 of 3rd period - Stopped by James Reimer without a rebound.
11:52 of 3rd period - Brandon Sutter wins face-off versus David Krejci in Oilers zone.
12:03 of 3rd period - Wrist shot by David Krejci.
12:03 of 3rd period - Shot Blocked by Rasmus Ristolainen.
12:14 of 3rd period - Minor Penalty to Rasmus Ristolainen for Tripping.
12:15 of 3rd period - Mike Richards wins face-off versus Henrik Zetterberg in Oilers zone.
12:27 of 3rd period - Backhand shot by Connor Brown.
12:27 of 3rd period - Shot Misses the Net.
12:29 of 3rd period - Slapshot by Ole-Kristian Tollefsen.
12:29 of 3rd period - Stopped by James Reimer with a rebound.
12:49 of 3rd period - Slapshot by Lasse Kukkonen.
12:49 of 3rd period - Stopped by James Reimer with a rebound.
12:51 of 3rd period - Slapshot by Lasse Kukkonen.
12:51 of 3rd period - Shot Blocked by Adam Larsson.
14:14 of 3rd period - Penalty to Rasmus Ristolainen is over, Rasmus Ristolainen is back on ice.
14:21 of 3rd period - Wrist shot by Rasmus Ristolainen.
14:21 of 3rd period - Stopped by Robin Lehner with a rebound.
14:27 of 3rd period - Tobias Enstrom is hit by Philip Samuelsson.
14:31 of 3rd period - Wrist shot by Connor McDavid.
14:31 of 3rd period - Shot Blocked by Ole-Kristian Tollefsen.
14:33 of 3rd period - Wrist shot by Leon Draisaitl.
14:33 of 3rd period - Deflect By Phil Kessel.
14:33 of 3rd period - Shot Misses the Net.
14:33 of 3rd period - Puck is out of play.
14:34 of 3rd period - Darroll Powe wins face-off versus Henrik Zetterberg in Red Wings zone.
14:34 of 3rd period - Darroll Powe is hit by Jordan Eberle.
14:42 of 3rd period - Slapshot by Jiri Fischer.
14:42 of 3rd period - Shot Misses the Net.
14:50 of 3rd period - Adam Larsson is hit by Ryan O'Byrne and loses puck.
15:10 of 3rd period - Off-side.
15:11 of 3rd period - Phil Kessel wins face-off versus David Krejci in neutral zone.
15:24 of 3rd period - Wrist shot by Alex Picard.
15:24 of 3rd period - Stopped by James Reimer with a rebound.
15:26 of 3rd period - Slapshot by Alex Picard.
15:26 of 3rd period - Stopped by James Reimer with a rebound.
15:27 of 3rd period - Double Minor Penalty to Ole-Kristian Tollefsen for Roughing.
15:28 of 3rd period - Darroll Powe wins face-off versus Connor McDavid in Red Wings zone.
15:39 of 3rd period - Snap shot by Rasmus Ristolainen.
15:39 of 3rd period - Deflect By Connor McDavid.
15:39 of 3rd period - Shot Misses the Net.
15:39 of 3rd period - Puck is out of play.
15:40 of 3rd period - Connor McDavid wins face-off versus Darroll Powe in Red Wings zone.
15:45 of 3rd period - Snap shot by Taylor Hall.
15:45 of 3rd period - Shot Misses the Net.
16:11 of 3rd period - Snap shot by Rasmus Ristolainen.
16:11 of 3rd period - Deflect By Jakub Kindl.
16:11 of 3rd period - Goal by Rasmus Ristolainen - Oilers : 2 - Red Wings : 2.
16:12 of 3rd period - Darroll Powe wins face-off versus Connor McDavid in neutral zone.
16:14 of 3rd period - Off-side.
16:15 of 3rd period - Connor McDavid wins face-off versus Darroll Powe in neutral zone.
16:30 of 3rd period - Carson Mcmillan is hit by Connor McDavid and loses puck.
18:11 of 3rd period - Penalty to Ole-Kristian Tollefsen is over, Ole-Kristian Tollefsen is back on ice.
18:42 of 3rd period - Slapshot by Rasmus Ristolainen.
18:42 of 3rd period - Stopped by Robin Lehner without a rebound.
18:43 of 3rd period - Mike Richards wins face-off versus Brandon Sutter in Red Wings zone.
18:50 of 3rd period - Adam Larsson is hit by Kris Versteeg and loses puck.
18:52 of 3rd period - Minor Penalty to James Neal for Hooking.
18:53 of 3rd period - Mike Richards wins face-off versus Henrik Zetterberg in Oilers zone.
19:27 of 3rd period - Icing by Frans Nielsen.
19:28 of 3rd period - Frans Nielsen wins face-off versus Brandon Sutter in Red Wings zone.
19:33 of 3rd period - Slapshot by Ole-Kristian Tollefsen.
19:33 of 3rd period - Deflect By Jordan Eberle.
19:33 of 3rd period - Goal by Ole-Kristian Tollefsen - Oilers : 2 - Red Wings : 3.
19:34 of 3rd period - Henrik Zetterberg wins face-off versus Frans Nielsen in neutral zone.
19:40 of 3rd period - Oilers, James Reimer is pulled from the net.
19:41 of 3rd period - Minor Penalty to Henrik Zetterberg for Hooking.
19:42 of 3rd period - James Reimer from Oilers was sent back in the game.
19:42 of 3rd period - Nikolai Kulemin wins face-off versus Mike Richards in Oilers zone.
19:42 of 3rd period - Nikolai Kulemin is hit by Ole-Kristian Tollefsen.
Goals for this period are 1 for Oilers vs 1 for Red Wings.
Shots for this period are 5 for Oilers vs 16 for Red Wings.